 Dungeon Crawl Stone Soup version 0.28-a0-1493-g0869888 (webtiles) character file.

Game seed: 6882489585967733417

98 Illumine the Sneak (level 4, -2/24 HPs)
             Began as a Vampire Enchanter on Jan 12, 2022.
             Slain by Edmund (7 damage)
             ... on level 4 of the Dungeon.
             The game lasted 00:04:19 (2331 turns).

Illumine the Sneak (Vampire Enchanter)              Turns: 2331, Time: 00:04:19

Health: -2/24      AC:  0    Str:  5 (7)  XL:     4   Next: 44%
Magic:  0/7        EV: 19    Int: 17 (19) God:
Gold:   121        SH:  0    Dex: 17 (19) Spells: 2/7 levels left

rFire   . . .      SeeInvis +   (weapon currently unavailable)
rCold   + + .      Faith    .   (shield currently unavailable)
rNeg    + + +      Spirit   .   (armour currently unavailable)
rPois   ∞          Reflect  .   (helmet currently unavailable)
rElec   .          Harm     .   (cloak currently unavailable)
rCorr   .          Rampage  .   (gloves currently unavailable)
Will    .....                   (boots currently unavailable)
Stlth   +++++.....              (no amulet)
HPRegen 0.00/turn               (ring currently unavailable)
MPRegen 0.10/turn               (ring currently unavailable)

@: bat-form, flying, very slightly contaminated, bloodless, inhibited regen,
very quick
A: fast, flying, no casting, tiny, bloodless, fangs 3, see invisible, vampiric 2
a: Revivify, End Transformation


You were on level 4 of the Dungeon.
You were a vampire bat.
You visited 1 branch of the dungeon, and saw 4 of its levels.

You collected 121 gold pieces.

Inventory:

Hand Weapons
 a - a +1 dagger (melded)
Armour
 b - a +0 robe (melded)
 g - an orb of mayhem
Jewellery
 j - a +4 ring of evasion (melded)
 l - an amulet of guardian spirit
Scrolls
 e - a scroll of blinking {unknown}
 f - a scroll of amnesia {unknown}
 h - a scroll of identify
 i - a scroll of teleportation
 k - a scroll of immolation {unknown}
Potions
 c - 2 potions of invisibility
 d - a potion of haste
 m - a potion of heal wounds {unknown}


   Skills:
 + Level 3.4 Short Blades
 - Level 2.1 Dodging
 + Level 6.5 Stealth
 - Level 2.0 Spellcasting
 - Level 4.4 Hexes


You had 2 spell levels left.
You knew the following spells:

 Your Spells              Type           Power      Damage    Failure   Level
a - Ensorcelled Hibernat  Hex/Ice        18%        N/A       12%         2
b - Confusing Touch       Hex            16%        N/A       10%         3

Your spell library contained the following spells:

 Spells                   Type           Power      Damage    Failure   Level
 Pain                     Necr           4%         1d4       19%         1
 Tukima's Dance           Hex            16%        N/A       10%         3
 Dazzling Flash           Conj/Hex       18%        N/A       24%         3
 Agony                    Necr           1%         N/A       99%         5
 Excruciating Wounds      Necr           0%         N/A       99%         5


Dungeon Overview and Level Annotations

Branches:
Dungeon (4/15)
 Temple: D:4-7

Altars:

Annotations:
D:4 Edmund


Innate Abilities, Weirdness & Mutations

You are a vampire bat.
You are tiny and dextrous.
You move quickly.
You are flying.
You are immune to poison.
Your equipment is almost entirely melded.
You are incapable of wielding weapons or throwing items.
You cannot cast spells.
You do not regenerate when monsters are visible.
You are frail without blood (-20% HP).
You can heal yourself when you bite living creatures.
You are immune to poison.
You have razor-sharp teeth.
You have supernaturally acute eyesight. (SInv)
You are afflicted with vampirism and can become a bat while bloodless.


Message History

Aiming: Ensorcelled Hibernation (safe; 11% risk of failure)
Press: ? - help, Shift-Dir - straight line, f - Edmund
Aim: Edmund, wielding a +2 flail of venom and wearing a +0 ring mail (chance to affect: 44%) Edmund resists with some effort.
Casting: Ensorcelled Hibernation (safe; 11% risk of failure)
Confirm with . or Enter, or press ? or * to list all spells.
Aiming: Ensorcelled Hibernation (safe; 11% risk of failure)
Press: ? - help, Shift-Dir - straight line, f/p - Edmund
Aim: Edmund, wielding a +2 flail of venom and wearing a +0 ring mail (chance to affect: 44%)
You miscast Ensorcelled Hibernation.
You are very lightly contaminated with residual magic.
Nothing appears to happen.
Edmund hits you with a +2 flail of venom.
Casting: Ensorcelled Hibernation (safe; 11% risk of failure)
Confirm with . or Enter, or press ? or * to list all spells.
Aiming: Ensorcelled Hibernation (safe; 11% risk of failure)
Press: ? - help, Shift-Dir - straight line, f/p - Edmund
Aim: Edmund, wielding a +2 flail of venom and wearing a +0 ring mail (chance to affect: 44%) Edmund looks drowsy...
The helpless Edmund fails to defend himself.
You bite Edmund, and draw his blood!
You feel better.
You impale Edmund!!
Edmund is heavily wounded.
Edmund barely misses you.
You barely miss Edmund.
Edmund is heavily wounded.
Edmund completely misses you.
You hit Edmund but do no damage. You bite Edmund, but do no damage.
Edmund is heavily wounded.
Edmund hits you with a +2 flail of venom.
You hit Edmund but do no damage. You bite Edmund, but do no damage.
Edmund is heavily wounded.
Edmund hits you with a +2 flail of venom!
Ouch! That really hurt!
* * * LOW HITPOINT WARNING * * *
You turn into a vampire bat.
Your +1 dagger melds into your body.
Your +0 robe melds into your body.
Your +4 ring of evasion melds into your body.
You feel weakened.
You feel dopey.
You feel clumsy.
Edmund hits you with a +2 flail of venom!
You die...

.. #.#. #. #.#.# ###..
#.#.#### #<..!##.#)....
#........# #
#..#..##.##.##.#
#..............#
.....##...#@##....
#######..##b##. .
#................#
#.##.#####.##.####
#.#...# #... ..
.######.#.#.#######. ##
..............#####.###
######..♣♣♣♣..<.......
#.♣♣ ♣..####.... #.♣
♣..# #


You could see Edmund.

Vanquished Creatures
  A jelly (D:4)
  Terence (D:2)
  A worm (D:3)
  3 dart slugs
  6 bats
  6 endoplasms
  A giant cockroach (D:3)
  A hobgoblin (D:2)
  A quokka (D:1)
  4 ball pythons
  A frilled lizard (D:1)
  A goblin (D:2)
  6 kobolds
  4 rats
37 creatures vanquished.

Notes
Turn   | Place    | Note
-------+----------+-------------------------------------------
     0 | D:1      | Illumine the Vampire Enchanter began the quest for the Orb.
     0 | D:1      | Reached XP level 1. HP: 13/13 MP: 3/3
   252 | D:1      | Reached XP level 2. HP: 15/15 MP: 5/5
   255 | D:1      | Learned a level 2 spell: Ensorcelled Hibernation
   309 | D:1      | Reached skill level 5 in Stealth
   478 | D:1      | Found a faded altar of an unknown god.
   886 | D:2      | Noticed Terence
   890 | D:2      | Killed Terence
   891 | D:2      | Gained mutation: You are afflicted with vampirism and can
                  | become a bat while bloodless. [Vampire growth]
   891 | D:2      | Reached XP level 3. HP: 19/19 MP: 3/6
  1076 | D:2      | Reached skill level 6 in Stealth
  1175 | D:2      | Learned a level 3 spell: Confusing Touch
  1845 | D:3      | Reached XP level 4. HP: 24/24 MP: 4/7
  2315 | D:4      | Noticed Edmund
  2331 | D:4      | Slain by Edmund

Illustrated notes

Levels and vault maps discovered:
D:1:      matt_arrival_diagonals, layout_loops_corners,
          ebering_ecumenical_altar_petrified
D:2:      layout_loops_ring, uniq_terence
D:3:      layout_rooms
D:4:      layout_basic, serial_curves, eino_curves_04, eino_curves_04,
          hangedman_decor_lopped, nrook_campfire, uniq_edmund

Skill      XL: |  1  2  3 |
---------------+----------+-----
Stealth        | 5 6 |  6.5
Short Blades   | 2 3 |  3.4
Dodging        | |  2.1
Spellcasting   | |  2.0
Hexes          | |  4.4

Action                   |  1- 3 |  4- 6 || total
-------------------------+-------+-------++-------
Melee: Dagger            |    66 |    12 ||    78
       Bite              |     5 |     2 ||     7
       Punch             |     1 |       ||     1
 Cast: Ensorcelled Hiber |     6 |     5 ||    11
 Abil: Exsanguinate      |     1 |       ||     1
       Bat Form          |       |     1 ||     1
  Use: Scroll            |       |     2 ||     2
 Stab: Sleeping          |    18 |     4 ||    22
       Distracted        |     1 |       ||     1
Armor: Robe              |     5 |       ||     5
Dodge: Dodged            |    32 |     6 ||    38

Table legend: (Time is in decaauts)
 A = Elapsed time spent in this place.
 B = Non-inter-level travel time spent in this place.
 C = Inter-level travel time spent in this place.
 D = Time resting spent in this place.
 E = Time spent auto-exploring this place.
 F = Levels seen in this place.
 G = Mean time per level.
                   A        B        C        D        E       F      G
               +--------+--------+--------+--------+--------+-----+--------+
         Total |   2321 |   2266 |     55 |    382 |   1475 |   4 |  580.2 |
       Dungeon |   2321 |   2266 |     55 |    382 |   1475 |   4 |  580.2 |
               +--------+--------+--------+--------+--------+-----+--------+

Top non-repeatable levels by time:
     D:1: 843 daAuts
     D:2: 835 daAuts
     D:3: 552 daAuts
     D:4: 89 daAuts
